 Seeded DCSS version 0.29.1-15-g9cfb28693d (webtiles) character file.

Game seed: 16245865983455551772 (custom seed)

4 Atreus the Trooper (level 1, 16/19 HPs)
             Began as a Palentonga Berserker on Mar 9, 2023.
             Was a Follower of Trog.
             Quit the game on level 1 of the Dungeon.
             The game lasted 00:00:33 (162 turns).

Atreus the Trooper (Palentonga Berserker)            Turns: 162, Time: 00:00:34

Health: 16/19      AC:  8    Str: 31    XL:     1   Next: 50%
Magic:  1/1        EV:  9    Int:  7    God:    Trog [*.....]
Gold:   0          SH:  0    Dex:  9    Spells: 0/0 levels left

rFire   . . .      SeeInvis +   a - +0 hand axe
rCold   . . .      Faith    .   (no shield)
rNeg    . . .      Spirit   .   b - +0 animal skin
rPois   .          Reflect  .   d - +0 helmet "Kemeovau" {Rampage Str+3}
rElec   .          Harm     .   (no cloak)
rCorr   +          Rampage  +   c - +2 pair of gloves {Stlth+}
Will    .....                   (no barding)
Stlth   ++........              (no amulet)
HPRegen 0.06/turn               e - ring of Xeingatz {rCorr Str+6}
MPRegen 0.07/turn               (no ring)

@: no status effects
A: large, rugged brown scales 3, see invisible, deformed body, roll 1, armoured
tail
a: Rolling Charge, Renounce Religion, Berserk


You were on level 1 of the Dungeon.
You worshipped Trog.
Trog was aware of your devotion.
You visited 1 branch of the dungeon, and saw 1 of its levels.

Inventory:

Hand Weapons
 a - a +0 hand axe (weapon)
Armour
 b - a +0 animal skin (worn)
 c - a +2 pair of gloves of stealth (worn)
 d - the +0 helmet "Kemeovau" (worn) {Rampage Str+3}
   (You acquired it on level 1 of the Dungeon)

   Str:       It affects your strength (+3).
   Rampage:   It bestows one free step when moving towards enemies.
Jewellery
 e - the ring of Xeingatz (left hand) {rCorr Str+6}
   (You acquired it on level 1 of the Dungeon)

   [ring of strength]

   Str:       It affects your strength (+6).
   rCorr:     It protects you from acid and corrosion.


   Skills:
 + Level 3.1 Fighting
 + Level 3.1 Axes
 + Level 1.6 Armour
 + Level 1.6 Dodging


You couldn't memorise any spells.
You didn't know any spells.
Your spell library was empty.

Dungeon Overview and Level Annotations

Branches:
Dungeon (1/15)

Altars:


Innate Abilities, Weirdness & Mutations

You are completely covered in rugged brown scales. (AC +3, +7% HP)
You have supernaturally acute eyesight. (SInv)
Armour fits poorly on your strangely shaped body.
You can roll at nearby foes to attack.
You have a long armoured tail.


Message History

The quokka bites you. The quokka barely misses you.
The quokka closely misses you. The quokka misses you.
You hit the quokka.
You kill the quokka!
Trog accepts your kill.
You see here a quokka corpse.
You start resting.
An endoplasm comes into view.
The endoplasm moves out of view.
Roll where?
Press: ? - help, Q - select action Dir - move target, f - endoplasm
Aim: an endoplasm You roll forward with a clatter of scales!
Found 3 scrolls labelled WAC GOIFOFITOUPLEC.
You slash the endoplasm!
You kill the endoplasm!
Trog accepts your kill.
c - 3 scrolls labelled WAC GOIFOFITOUPLEC
There are no items here.
This is a scroll of acquirement!
Something appears at your feet!
d - the +0 helmet "Kemeovau" {Rampage Str+3} Something appears at your feet!
e - the ring of Xeingatz {rCorr Str+6} Something appears at your feet!
c - a +2 pair of gloves of stealth You aren't carrying any scrolls.
You start putting on your armour.
You continue putting on your +2 pair of gloves of stealth. x4
You finish putting on your +2 pair of gloves of stealth.
You feel stealthy.
You start putting on your armour.
You continue putting on the +0 helmet "Kemeovau" {Rampage Str+3}. x4
You finish putting on the +0 helmet "Kemeovau" {Rampage Str+3}.
You feel stronger.
You feel ready to rampage towards enemies.
You feel stronger.
e - the ring of Xeingatz (left hand) {rCorr Str+6} Are you sure you want to abandon this character and quit the game? (Confirm with "yes".)

# .# #.#
######..###
#.@........
.......#..#.....
#.##...#..# ...
#...###.## #
#...#(#..#
#..##.##.## ...
#..#...#..# ....
##.##...##.##
.... #.
#.....#..#.....


There were no monsters in sight!

Vanquished Creatures
  An endoplasm (D:1)
  A goblin (D:1)
  A quokka (D:1)
3 creatures vanquished.

Notes
Turn   | Place    | Note
-------+----------+-------------------------------------------
     0 | D:1      | Atreus the Palentonga Berserker began the quest for the
                  | Orb.
     0 | D:1      | Reached XP level 1. HP: 19/19 MP: 1/1
   145 | D:1      | Identified 3 scrolls of acquirement
   145 | D:1      | Acquired the +0 helmet "Kemeovau" {Rampage Str+3}
   147 | D:1      | Acquired the ring of Xeingatz {rCorr Str+6}
   149 | D:1      | Acquired a +2 pair of gloves of stealth
   162 | D:1      | Quit the game

Illustrated notes

Levels and vault maps discovered:
D:1:      minmay_arrival_hallway, layout_loops_corners, basic_ecumenical_altar,
          minmay_unequal

Action                   || total
-------------------------++-------
Melee: Hand axe          ||     9
       Punch             ||     1
 Abil: Rolling Charge    ||     1
  Use: Scroll            ||     3
Armor: Animal skin       ||     2
Dodge: Dodged            ||    12
